Ranwan, chaotic female elven Ranger ---------- ---------------------- .[......... [ .....................| -|--.---.[.----------------------------..| $ * |.|-- |...|........).................|..| $ ---.|.|---...|............(<...............| * ** ($ |.....|*...---........*.)............^..|..|. $ ** |-|-..|....|............)...[...........|..|.. |..|..---..------------------------------..|-. $$ $ * |..|....|..............[...................|... $ |..|-----..------------------------------^.|.... ---|.......|----------------------- |..|(.... $ -----.--|......................| |..|....^.. * |.| --------------------.|.-------..|.....|.. $ |.|---------------------.|..........|.....|.... I |.-..).).d.T@.f.f........|-------------..-----... ----.|---------------------.|......................... ! ...^.| |...................*.|........ ------ -------------------------------- Ranwan the Reconnoiteress Experience level: 10 Strength: 18 Dexterity: 13 Constitution: 16 Intelligence: 15 Wisdom: 14 Charisma: 9 Health: 0(80) Energy: 75(75) Def: 23 Gold: 99 Moves: 23680 Dungeon seed: OKlMyS4jZYeIzj97 Game ID: Ranwan_1641872171 Your Inventory: Amulets O - an uncursed amulet of reflection (being worn) Weapons d - an uncursed +1 elven dagger (weapon in hand) e - an uncursed +1 elven bow (alternate weapon; not wielded) q - an uncursed +0 orcish arrow M - 48 uncursed +2 elven arrows N - 7 cursed -3 darts of fire Q - 50 uncursed +0 arrows W - 51 uncursed poisoned +0 orcish arrows (in quiver) Armor b - an uncursed +2 elven cloak (being worn) y - an uncursed +0 dwarvish roundshield (being worn) z - a blessed +1 pair of iron shoes of warning (being worn) H - an uncursed +0 dwarvish iron helm (being worn) X - a blessed +1 pair of leather gloves (being worn) Z - an uncursed +0 dwarvish mithril-coat (being worn) Comestibles f - 4 uncursed lembas wafers p - an uncursed cram ration v - an uncursed male lizard corpse E - an uncursed lichen corpse R - an uncursed eucalyptus leaf Scrolls a - an uncursed scroll of enchant weapon n - an uncursed scroll of summoning C - an uncursed scroll of teleportation K - a cursed scroll of teleportation Potions c - an uncursed potion of extra healing h - an uncursed potion of paralysis o - 4 uncursed potions of booze B - 2 blessed potions of booze I - an uncursed potion of full healing J - a cursed potion of full healing P - an uncursed potion of water V - an uncursed potion of levitation Rings D - an uncursed ring of free action G - an uncursed ring of cold immunity Y - an uncursed ring of see invisible Wands g - an uncursed wand of sleep (0:1) i - an uncursed wand of teleportation (0:4) j - an uncursed wand of speed monster (0:4) r - an uncursed wand of digging (0:3) s - an uncursed wand of cold (0:1) t - an uncursed wand of speed monster (0:4) L - an uncursed wand of striking (0:3) S - an uncursed wand of cancellation (0:4) U - an uncursed wand of digging (0:7) Tools k - an uncursed skeleton key l - an uncursed oil lamp (0:0) m - an uncursed mirror u - an uncursed +0 unicorn horn w - an uncursed magic whistle x - an uncursed +0 pick-axe F - a blessed oil lamp (0:1433) T - an uncursed towel Gems A - an uncursed touchstone Coins $ - 99 gold pieces Spells and supernatural/magical abilities: Name Level Category Cost Memory u - confuse monster 2 enchantment 2000pw 95% w - wizard lock 2 matter 2000pw 95% z - sleep 1 enchantment 1000pw 84% O - summoning 2 clerical 2000pw 95% W - pray for help -- divine ? -- Your skills at the end: Fighting Skills wands [Basic] Weapon Skills dagger [Skilled] bow [Expert] Spellcasting Skills Final Attributes: You were piously aligned. You were cold resistant. You were immune to sleep. You were poison resistant. You saw invisible. You were telepathic. You were warned. You had automatic searching. You had infravision. You were stealthy. You were protected. You had reflection. You last prayed 8431 turns ago. Mars was very pleased with you. You are dead. Vanquished creatures: a golden naga 2 giant mimics 2 large mimics a baby long worm a fire elemental a winter wolf 2 small mimics 2 warhorses an ettin mummy 3 trolls a gelatinous cube a pyrolisk a large dog a freezing sphere 2 dwarf kings a tengu an ochre jelly 6 stone giants an elf mummy an incubus 2 giant beetles a quivering blob a cockatrice 2 wolves a winter wolf cub a lynx a panther a spotted jelly 8 leprechauns 2 iron piercers a mumak 4 giant spiders a horse an ice vortex a black light 2 vampire bats a forest centaur 3 gnome kings 2 orc mummies 4 dwarf mummies a brown pudding a gold golem a werewolf 3 lizards 4 chickatrices a dog a dingo 4 housecats 3 jaguars a dwarf lord 4 blue jellies 3 white unicorns 2 gray unicorns 2 dust vortices a raven 3 gnome mummies 3 snakes 2 apes 2 human zombies a rope golem 5 fire ants a bugbear 2 wood nymphs 4 water nymphs 3 mountain nymphs 24 Mordor orcs 37 Uruk-hai 5 rock piercers 2 rock moles 4 ponies a fog cloud 5 shriekers 2 violet fungi 16 gnome lords 5 gnomish wizards 2 kobold mummies 2 red naga hatchlings a black naga hatchling a golden naga hatchling 2 gray oozes a ghoul 3 straw golems 3 paper golems 2 baby crocodiles 12 giant ants 6 little dogs 6 floating eyes 4 kittens 23 dwarves 2 kobold lords 2 kobold shamans 7 hill orcs 15 rothes a rabid rat 7 giant bats 3 monkeys an orc zombie 4 dwarf zombies 11 iguanas 11 killer bees 2 acid blobs 11 coyotes 2 gas spores 7 hobbits 2 manes a large kobold 5 hobgoblins 5 giant rats 17 cave spiders 2 brown molds 6 yellow molds 2 green molds 5 red molds 65 gnomes 33 garter snakes 8 gnome zombies 15 geckos 11 jackals 7 foxes a kobold 4 goblins 17 sewer rats 19 grid bugs 10 bats 6 lichens 3 kobold zombies 23 newts 652 creatures vanquished. Genocided species: kobold zombies gnome zombies orc zombies dwarf zombies elf zombies human zombies ettin zombies giant zombies ghouls 9 species genocided. Voluntary challenges: You had been an atheist until turn 2968. You used a wielded weapon 479 times, starting on turn 1092. You read items or engraved 24 times, starting on turn 974. You genocided 9 types of monsters, starting on turn 15251. You never polymorphed an object. You changed form 1 time, starting on turn 17644. You used no wishes. You never split a pudding. You wrote Elbereth's name 4 times, starting on turn 3525. You violated your moral code, losing 88 points of alignment, starting on turn 4806. Dungeon overview: The Dungeons of Doom: levels 1 to 9 Level 1 a vault a long staircase Level 2 a general store Level 3 a potion shop, some fountains, a sink stairs to The Gnomish Mines Level 4 an armor shop, a fountain Level 5 a general store, a fountain, a vault Level 6 an altar to Mars, a fountain, a vault Level 7 many fountains Level 8 a fountain stairs to Sokoban Level 9 The Gnomish Mines: levels 4 to 11 Level 4 stairs to The Dungeons of Doom Level 5 Level 6 many shops, a temple to Venus, some fountains Level 7 Level 8 Level 9 Level 10 Level 11 <- You were here Sokoban: levels 4 to 7 Level 4 Solved Level 5 Solved Level 6 Solved Level 7 Solved stairs to The Dungeons of Doom History has recorded: On T:1 you entered the Dungeons of Doom to retrieve the Amulet of Yendor! On T:52 you reached level 2 of The Dungeons of Doom. On T:1116 you reached level 3 of The Dungeons of Doom. On T:1182 you reached level 1 of The Gnomish Mines. On T:1242 you reached level 4 of The Dungeons of Doom. On T:1615 you reached level 5 of The Dungeons of Doom. On T:2218 you reached level 2 of The Gnomish Mines. On T:2891 you reached level 3 of The Gnomish Mines. On T:3373 you advanced to experience level 2. On T:3633 you advanced to experience level 3. On T:4044 you advanced to experience level 4. On T:4609 you reached level 4 of The Gnomish Mines. On T:4615 you reached level 5 of The Gnomish Mines. On T:4679 you advanced to experience level 5. On T:4823 you advanced to experience level 6. On T:6194 you reached level 6 of The Dungeons of Doom. On T:6504 you reached level 7 of The Dungeons of Doom. On T:6845 you advanced to experience level 7. On T:7535 you reached level 8 of The Dungeons of Doom. On T:7698 you reached level 4 of Sokoban. On T:8458 you reached level 9 of The Dungeons of Doom. On T:8758 you advanced to experience level 8. On T:9258 you reached level 3 of Sokoban. On T:10104 you reached level 2 of Sokoban. On T:11095 you reached level 1 of Sokoban. On T:12383 you advanced to experience level 9. On T:15251 you genocided class 'Z'. On T:17807 you reached level 6 of The Gnomish Mines. On T:20793 you reached level 7 of The Gnomish Mines. On T:22579 you reached level 8 of The Gnomish Mines. On T:23607 you advanced to experience level 10. Score breakdown: Gold: 99 ( 6803 points) Experience: 10 levels (16712 points) Exploration: 11 levels ( 22.00%) (13552 points) Discoveries: 62 items ( 21.02%) (13753 points) Valuables value: (no points given unless you survive) Artifact value: 0 ( 0 points) Variety of kills: 127 monsters ( 33.42%) (17343 points) Turncount: 23680 turns (-3652 points) Survival: died (score multiplied by 80%) Total score: 51608 Latest messages: You displace Vega. The troll wields a broad pick! The troll swings her broad pick at you. The troll misses. The troll hits! The troll misses. You hit the troll! You hear some noises nearby. The troll swings her broad pick at you. The troll misses. (3x) [2 turns] You hit the troll! The troll swings her broad pick at you. The troll misses. (2x) The troll bites! You hit the troll! The troll swings her broad pick at you. The troll misses. (3x) You hit the troll! The troll swings her broad pick at you. The troll hits! (2x) The troll bites! The troll swings her broad pick at you. The troll hits! (2x) The troll bites! You die... Final status: Goodbye Ranwan the Ranger, killed by a troll... You died in The Gnomish Mines on dungeon level 11 with 51608 points, and 99 pieces of gold, after 23680 moves. You were level 10 with a maximum of 80 hit points when you died.